 Dungeon Crawl Stone Soup version 0.17.0-28-g6e173f8 (webtiles) character file.

346 coffecat the Skirmisher (level 6, -1/56 HPs)
             Began as a Minotaur Berserker on Nov 27, 2015.
             Was a Believer of Trog.
             Slain by a wight
             ... wielding a cursed +1 trident of freezing
              (4 damage)
             ... on level 6 of the Dungeon.
             The game lasted 00:10:00 (2141 turns).

coffecat the Skirmisher (Minotaur Berserker)        Turns: 2141, Time: 00:10:02

Health: -1/56      AC:  6    Str: 24    XL:     6   Next: 32%
Magic:  5/5        EV: 10    Int:  4    God:    Trog [**....]
Gold:   24         SH:  0    Dex:  9    Spells: 0 memorised, 5 levels left

rFire  . . .     SeeInvis .     a - +0 hand axe
rCold  . . .     Clarity  .     c - +0 scale mail
rNeg   . . .     SustAt   .     (no shield)
rPois  .         Gourm    .     (helmet restricted)
rElec  .         Spirit   .     (no cloak)
rCorr  .         Warding  .     (no gloves)
rMut   .         Stasis   .     (no boots)
MR     .....                    (no amulet)
Stlth  ..........               (no ring)
                                (no ring)

@: heavily drained, not resistant to hostile enchantments, extremely unstealthy
A: retaliatory headbutt, horns 2
a: Berserk, Trog's Hand, Burn Spellbooks, Renounce Religion


You were on level 6 of the Dungeon.
You worshipped Trog.
Trog was pleased with you.
You were very hungry.

You visited 1 branch of the dungeon, and saw 6 of its levels.

You collected 59 gold pieces.
You spent 35 gold pieces at shops.

Inventory:

Hand Weapons
 a - a +0 hand axe (weapon)
 f - a +0 short sword of venom
 h - a cursed -3 flail
Armour
 b - a +0 animal skin
 c - a +0 scale mail (worn)
Scrolls
 g - 2 scrolls of teleportation {unknown}
 i - 3 scrolls of remove curse {unknown}
 k - a scroll of recharging {unknown}
 l - a scroll of fog {unknown}
 n - a scroll of fear
Potions
 d - 2 potions of haste {unknown}
 e - a potion of lignification {unknown}
Books
 j - a book of Minor Magic

   Spells                             Type                      Level
   a - Magic Dart                     Conjuration                  1
   b - Blink                          Translocation                2
   c - Call Imp                       Summoning                    2
   d - Repel Missiles                 Charms/Air                   2
   e - Slow                           Hexes                        2
   f - Conjure Flame                  Conjuration/Fire             3
   g - Mephitic Cloud                 Conjuration/Poison/Air       3
   Trog disapproves of the use of such an item.
Comestibles
 m - a bread ration


   Skills:
 + Level 5.6(4.2) Fighting
 + Level 5.5(4.1) Axes
 + Level 3.2(1.9) Armour
 + Level 4.2(2.9) Dodging
 + Level 1.0(0.0) Stealth


You had 5 spell levels left.
You didn't know any spells.

Dungeon Overview and Level Annotations

Branches:
Dungeon (6/15)             Temple (0/1) D:5

Altars:
Fedhas

Shops:
D:5 ?


Innate Abilities, Weirdness & Mutations

You reflexively headbutt those who attack you in melee.
You have a pair of horns on your head.


Message History

You offer a prayer to Trog.
Trog is pleased with you.
You feel the effects of Trog's Hand fading.
You feel yourself speed up. The wight closely misses you. The wight misses you.
A wight comes into view.
It is wielding a great sword of draining.
Your skin stops crawling.
You feel less resistant to hostile enchantments.
The wight barely misses you. You furiously retaliate!
You headbutt the wight.
A necrophage comes into view.
Found 9 gold pieces.
You feel less exhausted.
You're too hungry to go berserk.
The wight barely misses you.
The wight hits you from afar with a trident of freezing!
* * * LOW HITPOINT WARNING * * *
You feel drained.
* * * LOW HITPOINT WARNING * * *
The wight freezes you.
You die...

### ### #.. ..# #.# #.#
#.# #.# ########### #.#
#.# #.........#
#.#####.###zz.......#
+...........@.n.....#
#.#####...z.........#
#.# #.............#
##.## .....#.......$.#
###..<#.####...#########
##.#...# ##..# ..))...#
...# ####...#######..#
..".........


You could see a necrophage and 3 wights.

Vanquished Creatures
  An ogre (D:5)
  2 wights (D:6)
  A hound (D:5)
  A giant frog skeleton (D:5)
  A worker ant (D:5)
  A hound zombie (D:5)
  A hound skeleton (D:5)
  4 adders
  A worm (D:3)
  2 giant geckos
  An orc (D:3)
  5 giant cockroaches
  5 hobgoblins
  2 quokkas (D:3)
  5 bats
  A giant gecko skeleton (D:5)
  A giant newt (D:4)
  7 goblins
  4 jackals (D:3)
  2 kobolds
  A rat (D:2)
49 creatures vanquished.

Notes
Turn   | Place    | Note
--------------------------------------------------------------
     0 | D:1      | coffecat the Minotaur Berserker began the quest for the Orb.
     0 | D:1      | Reached XP level 1. HP: 19/19 MP: 0/0
    43 | D:2      | Reached skill level 4 in Fighting
   228 | D:2      | Reached XP level 2. HP: 14/27 MP: 1/1
   370 | D:2      | Found a blossoming altar of Fedhas.
   698 | D:3      | Reached ** piety under Trog
   698 | D:3      | Reached XP level 3. HP: 27/34 MP: 2/2
  1408 | D:5      | Entered Level 5 of the Dungeon
  1408 | D:5      | Noticed an ogre
  1418 | D:5      | Killed an ogre
  1418 | D:5      | Reached skill level 5 in Fighting
  1418 | D:5      | Reached XP level 4. HP: 9/42 MP: 3/3
  1683 | D:5      | Found Affalik's Magic Scroll Shoppe.
  1684 | D:5      | Found a staircase to the Ecumenical Temple.
  1695 | D:5      | Reached XP level 5. HP: 46/48 MP: 4/4
  1727 | D:5      | Reached skill level 5 in Axes
  1752 | D:5      | Bought a scroll of fear for 35 gold pieces
  1861 | D:5      | Reached skill level 1 in Stealth
  2042 | D:5      | Noticed a centaur
  2101 | D:6      | Reached XP level 6. HP: 56/56 MP: 5/5
  2138 | D:6      | Noticed a necrophage
  2141 | D:6      | Slain by a wight

Action                   |  1- 3 |  4- 6 || total
-------------------------+-------+-------++-------
Melee: Hand axe          |    71 |    40 ||   111
Invok: Berserk           |     4 |     2 ||     6
       Trog's Hand       |       |     2 ||     2
  Eat: Bread ration      |     1 |     1 ||     2
